 Dungeon Crawl Stone Soup version 0.28.0-53-g5a82cb258f (webtiles) character file.

Game seed: 2982670686352278312

21 Zeld the Changer (level 2, 0/21 HPs)
             Began as a Merfolk Transmuter on May 24, 2022.
             Frozen to death by an endoplasm (5 damage)
             ... on level 1 of the Dungeon.
             The game lasted 00:00:45 (704 turns).

Zeld the Changer (Merfolk Transmuter)                Turns: 704, Time: 00:00:45

Health: 0/21       AC:  2    Str: 10    XL:     2   Next: 87%
Magic:  4/5        EV: 13    Int: 12    God:
Gold:   6          SH:  0    Dex: 14    Spells: 2/5 levels left

rFire   . . .      SeeInvis .     - Unarmed
rCold   . . .      Faith    .   (no shield)
rNeg    . . .      Spirit   .   a - +0 robe
rPois   .          Reflect  .   (helmet currently unavailable)
rElec   .          Harm     .   (no cloak)
rCorr   .          Rampage  .   (no gloves)
Will    .....                   (boots currently unavailable)
Stlth   +.........              (no amulet)
HPRegen 0.07/turn               (no ring)
MPRegen 0.09/turn               (no ring)

@: appendages (expiring)
A: horns 2, (nimble swimmer 2), mertail
a: End Transformation


You were on level 1 of the Dungeon.
You had temporarily grown beastly horns.
You visited 1 branch of the dungeon, and saw 1 of its levels.

You collected 6 gold pieces.

Inventory:

Armour
 a - a +0 robe (worn)
Potions
 b - a potion of mutation {unknown}


   Skills:
 + Level 1.5 Fighting
 + Level 3.0 Dodging
 - Level 3.2 Unarmed Combat
 * Level 2.4 Spellcasting
 * Level 3.3 Transmutations


You had 2 spell levels left.
You knew the following spells:

 Your Spells              Type           Power      Damage    Failure   Level
a - Beastly Appendage     Tmut           18%        N/A       7%          1
b - Wereblood             Tmut           9%         N/A       10%         2

Your spell library contained the following spells:

 Spells                   Type           Power      Damage    Failure   Level
 Spider Form              Tmut/Pois      5%         N/A       36%         3
 Ice Form                 Ice/Tmut       5%         N/A       78%         4


Dungeon Overview and Level Annotations

Branches:
Dungeon (1/15)

Altars:


Innate Abilities, Weirdness & Mutations

You have temporarily grown beastly horns.
((You are very nimble when in or above water. (Stealth+, EV+, Speed+++)))
Your lower body shifts to a powerful aquatic tail in water.


Message History

You hit the rat. Your punch misses the rat.
The rat is heavily wounded.
The quokka bites you. The rat misses you.
The endoplasm jiggles.
The endoplasm hits you.
You miss the quokka. Your headbutt misses the quokka.
The quokka is almost dead.
The quokka bites you. The rat barely misses you.
The endoplasm hits you but does no damage.
You hit the quokka.
You kill the quokka!
The rat closely misses you. The endoplasm freezes you.
You are frozen.
You are too injured to fight recklessly!
You hit the rat but do no damage.
The rat is heavily wounded.
The rat bites you.
You closely miss the rat.
The rat is heavily wounded.
Your horns disappear.
The rat barely misses you.
You hit the rat.
You kill the rat!
Casting: Beastly Appendage (safe; 7% risk of failure)
Confirm with . or Enter, or press ? or * to list all spells.
You grow a pair of large bovine horns.
The endoplasm freezes you.
You are frozen.
* * * LOW HITPOINT WARNING * * *
You hit the endoplasm but do no damage.
The endoplasm hits you but does no damage.
Unknown command.
The endoplasm closely misses you. The endoplasm closely misses you.
You completely miss the endoplasm.
Your transformation is almost over.
The endoplasm freezes you.
You are frozen.
You die...

#.# ####.#.#.# #.# #....#.#.#.#
###.#.#.##.†.....#
#####...#......#.#.###
###.......######.#.#.#
..'.......'........#..
###.......######.#######.
#.......'.....J........
#.......######@#####.#.
#.......# #.# ##'###########.#
#......†....#.#
##############.#.####
....................(. .#
###########.#..#.#######.#..
########.#.#............#.. ..##
#........#.#..#.##.........#....


You could see an endoplasm.

Vanquished Creatures
  3 dart slugs (D:1)
  A giant cockroach (D:1)
  A goblin (D:1)
  2 hobgoblins (D:1)
  A kobold (D:1)
  A quokka (D:1)
  A ball python (D:1)
  2 bats (D:1)
  2 frilled lizards (D:1)
  A rat (D:1)
15 creatures vanquished.

Notes
Turn   | Place    | Note
-------+----------+-------------------------------------------
     0 | D:1      | Zeld the Merfolk Transmuter began the quest for the Orb.
     0 | D:1      | Reached XP level 1. HP: 15/15 MP: 3/3
   240 | D:1      | Reached XP level 2. HP: 21/21 MP: 3/5
   316 | D:1      | Found a faded altar of an unknown god.
   498 | D:1      | Learned a level 2 spell: Wereblood
   704 | D:1      | Frozen to death by an endoplasm

Illustrated notes

Levels and vault maps discovered:
D:1:      erik_arrival_blinker_ship, layout_basic, basic_ecumenical_altar

Skill      XL: |  1  2 |
---------------+-------+-----
Transmutations | 3 |  3.3
Dodging        | 3 |  3.0
Fighting       | |  1.5
Unarmed Combat | |  3.2
Spellcasting   | |  2.4

Action                   || total
-------------------------++-------
Melee: Unarmed           ||    51
       Headbutt          ||     6
       Punch             ||     2
 Cast: Beastly Appendage ||    10
Armor: Robe              ||    15
Dodge: Dodged            ||    34
